 Dungeon Crawl Stone Soup version 0.30-a0-879-ga8ba668304 (webtiles) character file.

Game seed: 6723224065194241443

2 Indecide the Stinger (level 1, 13/15 HPs)
             Began as a Naga Venom Mage on Mar 13, 2023.
             Quit the game on level 1 of the Dungeon.
             The game lasted 00:03:09 (95 turns).

Indecide the Stinger (Naga Venom Mage)                Turns: 95, Time: 00:03:10

Health: 13/15      AC:  1    Str: 10    XL:     1   Next: 40%
Magic:  2/3        EV:  9    Int: 15    God:
Gold:   10         SH:  0    Dex: 11    Spells: 3/4 levels left

rFire   . . .      SeeInvis +    (no weapon)
rCold   . . .      Faith    .    (no shield)
rNeg    . . .      Spirit   .    a - +0 robe
rPois   +          Reflect  .    (no helmet)
rElec   .          Rampage  .    (no cloak)
rCorr   .                        (no gloves)
Will    .....                    (no barding)
Stlth   ++                       (no amulet)
HPRegen 0.22/turn                (no ring)
MPRegen 0.08/turn                (no ring)

@: short of breath, very slow
A: AC +0, large, see invisible, deformed body, poison resistance, slowness 2,
spit poison 1, naga tail 1
a: Spit Poison


You were on level 1 of the Dungeon.
You visited 1 branch of the dungeon, and saw 1 of its levels.

You collected 10 gold pieces.

Inventory:

Armour
 a - a +0 robe (worn)
Potions
 b - a potion of magic


   Skills:
 + Level 1.5 Dodging
 + Level 3.0 Stealth
 + Level 2.1 Spellcasting
 + Level 1.0 Transmutations
 + Level 4.1 Poison Magic


You had 3 spell levels left.
You knew the following spells:

 Your Spells              Type           Power      Damage    Failure   Level
a - Sting                 Tmut/Pois      36%        1d4       8%          1

Your spell library contained the following spells:

 Spells                   Type           Power      Damage    Failure   Level
 Poisonous Vapours        Pois/Air       14%        N/A       14%         2
 Mephitic Cloud           Conj/Pois/Air  5%         N/A       36%         3
 Olgreb's Toxic Radiance  Pois           14%        N/A       36%         4


Dungeon Overview and Level Annotations

Branches:
Dungeon (1/15)

Altars:


Innate Abilities, Weirdness & Mutations

Your serpentine skin is tough. (AC +0)
You have supernaturally acute eyesight. (SInv)
Armour fits poorly on your strangely shaped body.
Your system is resistant to poisons. (rPois)
You cover ground very slowly.
You can spit poison.
You have a snake-like lower body.


Message History

Aim: a bat (about 63% to evade your hands)
You miss the bat. The bat hits you.
Attack: -) Nothing wielded
Press: ? - help, Dir - move target, f/p - bat
Aim: a bat (about 63% to evade your hands)
You closely miss the bat. The bat hits you but does no damage.
Attack: -) Nothing wielded
Press: ? - help, Dir - move target, f/p - bat
Aim: a bat (about 63% to evade your hands)
You closely miss the bat. The bat hits you but does no damage.
The bat hits you.
Attack: -) Nothing wielded
Press: ? - help, Dir - move target, f/p - bat
Aim: a bat (about 63% to evade your hands)
You hit the bat.
The bat is moderately wounded.
The bat hits you. x2
Attack: -) Nothing wielded
Press: ? - help, Dir - move target, f/p - bat
Aim: a bat (moderately wounded, about 63% to evade your hands)
You barely miss the bat.
The bat is moderately wounded.
The bat hits you.
Aiming: Spit Poison (3% risk of failure)
Press: ? - help, Shift-Dir - straight line, f/p - bat
Aim: a bat (35% to hit)
The splash of poison hits the bat.
The bat is poisoned.
You kill the bat!
Casting: Sting (safe; 8% risk of failure)
Confirm with . or Enter, or press ? or * to list all spells.
Aiming: Sting (safe; 8% risk of failure)
Press: ? - help, Shift-Dir - straight line, f - rat
Aim: a rat (68% to hit)
The sting hits the rat.
The rat is poisoned.
The rat is heavily wounded.
The rat misses you.
You hit the rat.
You kill the rat!
Okay, then.
Are you sure you want to abandon this character and quit the game? (Confirm with "yes".)

.(...# .# #........#
.....#.... ... .....#.#..
#.############
.........###.#...#p#p#n#N
................#########
........##......'.......
......#†.#.....#########
#..@.#.###.##V#p#x#H
#...[.!.##..########
).........†..#####
.#.#.........#
#.........#.#
...............
...#.......#.###
...........#.#
..#........#..


There were no monsters in sight!

Vanquished Creatures
  A bat (D:1)
  2 rats (D:1)
3 creatures vanquished.

Notes
Turn   | Place    | Note
-------+----------+-------------------------------------------
     0 | D:1      | Indecide the Naga Venom Mage began the quest for the Orb.
     0 | D:1      | Reached XP level 1. HP: 15/15 MP: 3/3
     2 | D:1      | Noticed a felid
     4 | D:1      | Noticed a demonspawn
     6 | D:1      | Noticed a minotaur
     6 | D:1      | Noticed a spriggan
     8 | D:1      | Noticed a human
     8 | D:1      | Noticed an ogre
    10 | D:1      | Noticed a merfolk
    10 | D:1      | Noticed a vine stalker
    12 | D:1      | Noticed a meteoran
    14 | D:1      | Noticed an elf
    14 | D:1      | Noticed a draconian
    16 | D:1      | Noticed a tengu
    16 | D:1      | Noticed a gargoyle
    18 | D:1      | Noticed a formicid
    18 | D:1      | Noticed a troll
    20 | D:1      | Noticed a naga
    20 | D:1      | Noticed an armataur
    22 | D:1      | Noticed a ghoul
    22 | D:1      | Noticed an octopode
    24 | D:1      | Noticed a demigod
    24 | D:1      | Noticed a meteoran
    27 | D:1      | Noticed a demigod
    27 | D:1      | Noticed a vampire
    95 | D:1      | Quit the game

Illustrated notes

Levels and vault maps discovered:
D:1:      kb_arrival_jail, layout_rooms, serial_park_tiny_pond

Action                     || total
---------------------------++-------
  Melee: Unarmed           ||     7
   Cast: Sting             ||     1
Ability: Spit Poison       ||     3
   Stab: Sleeping          ||     1
 Armour: Robe              ||     2
  Dodge: Dodged            ||     3

Table legend: (Time is in decaauts)
 A = Elapsed time spent in this place.
 B = Non-inter-level travel time spent in this place.
 C = Inter-level travel time spent in this place.
 D = Time resting spent in this place.
 E = Time spent auto-exploring this place.
 F = Levels seen in this place.
 G = Mean time per level.
                   A        B        C        D        E       F      G
               +--------+--------+--------+--------+--------+-----+--------+
         Total |    127 |    127 |      0 |      0 |      0 |   1 |  127.0 |
       Dungeon |    127 |    127 |      0 |      0 |      0 |   1 |  127.0 |
               +--------+--------+--------+--------+--------+-----+--------+

Top non-repeatable levels by time:
     D:1: 127 daAuts
